 Dungeon Crawl Stone Soup version 0.29.0-13-gc9e81de378 (webtiles) character file.

Game seed: 2612086153737240110

102 freelancePsychic the Chopper (level 4, -3/41 HPs)
             Began as a Hill Orc Fighter on Sept 11, 2022.
             Constricted to death by Grinder (4 damage)
             ... on level 3 of the Dungeon.
             The game lasted 00:02:30 (1660 turns).

freelancePsychic the Chopper (Hill Orc Fighter)     Turns: 1660, Time: 00:02:31

Health: -3/41      AC:  9    Str: 20    XL:     4   Next: 78%
Magic:  4/4        EV:  6    Int:  8    God:
Gold:   98         SH:  4    Dex: 10    Spells: 3/3 levels left

rFire   . . .      SeeInvis .   g - +2 flail (vorpal)
rCold   . . .      Faith    .   c - +0 buckler
rNeg    . . .      Spirit   .   b - +0 scale mail
rPois   .          Reflect  .   (no helmet)
rElec   .          Harm     .   i - +0 cloak
rCorr   .          Rampage  .   e - +0 pair of gloves
Will    .....                   (no boots)
Stlth   ..........              (no amulet)
HPRegen 0.13/turn               (no ring)
MPRegen 0.09/turn               (no ring)

@: mighty, grasped by roots, constricted
A: no striking features
a: no special abilities


You were on level 3 of the Dungeon.
You visited 1 branch of the dungeon, and saw 3 of its levels.

You collected 98 gold pieces.

Inventory:

Hand Weapons
 a - a +0 war axe
 g - a +2 vorpal flail (weapon)
Armour
 b - a +0 scale mail (worn)
 c - a +0 buckler (worn)
 e - a +0 pair of gloves (worn)
 i - a +0 cloak (worn)
Jewellery
 l - a ring of resist corrosion
Scrolls
 h - a scroll of amnesia
 n - a scroll of teleportation {@r4}
Potions
 f - a potion of lignification {unknown}
 j - 2 potions of heal wounds {@q2}
 m - a potion of curing {@q1}


   Skills:
 + Level 4.7 Fighting
 * Level 5.4 Axes
 - Level 3.2 Armour
 - Level 3.2 Shields


You had 3 spell levels left.
You didn't know any spells.
Your spell library contained the following spells:

 Spells                   Type           Power      Damage    Failure   Level
 Sting                    Tmut/Pois      0%         1d3       85%         1
 Poisonous Vapours        Pois/Air       0%         N/A       94%         2
 Olgreb's Toxic Radiance  Pois           0%         N/A       100%        4


Dungeon Overview and Level Annotations

Branches:
Dungeon (3/15)

Altars:

Shops:
D:1 :

Annotations:
D:2 Terence
D:3 Grinder


Message History

Unknown command.
Grinder gestures at you.
You suddenly lose the ability to move!
You can move again.
Unknown command.
You feel very mighty all of a sudden.
Grinder blinks!
Grinder gestures at you.
You suddenly lose the ability to move!
Grinder zaps a wand.
The roots erupt in riotous growth!
The grasping roots grab you! The grasping roots constrict you.
The grasping roots constrict you.
You can move again.
The grasping roots release their grip on you.
Grinder zaps a wand.
The roots erupt in riotous growth!
The grasping roots grab you! The grasping roots constrict you!
The roots grasp on you weakens, but your attempt to escape fails.
The grasping roots constrict you.
You closely miss Grinder. Grinder hits you! The grasping roots constrict you.
* * * LOW HITPOINT WARNING * * *
A hobgoblin comes into view.
The grasping roots release their grip on you.
You barely miss Grinder.
Grinder zaps a wand.
The roots erupt in riotous growth!
The grasping roots grab you!
Grinder is unaffected.
The grasping roots constrict you.
* * * LOW HITPOINT WARNING * * *
Grinder hits you but does no damage. The grasping roots constrict you.
You closely miss Grinder. Grinder hits you.
* * * LOW HITPOINT WARNING * * *
You writhe in agony.
* * * LOW HITPOINT WARNING * * *
The grasping roots constrict you.
You die...

###.####.# .≈# ≈#≈.≈
#.# #.# #≈# ###≈.≈
#.# #.# #≈≈ ≈≈.≈
###.# #.#### #...#
#.☼○☼#
####.######..○.#
#.........##°°○###.#
#.##.##......5.....#
# #.##.#.###@####.#
#.##....##g# #
#.##....##.# #
#.##....##.# #
#.................
#..........☼......
#.........#.#....
#....☼°.... ...
##...####... ..


You could see Grinder and a hobgoblin.

Vanquished Creatures
  An iguana (D:3)
  An adder (D:3)
  3 dart slugs
  9 orcs (D:3)
  5 ball pythons
  2 bats
  4 endoplasms (D:1)
  2 giant cockroaches
  4 goblins
  2 hobgoblins (D:1)
  5 quokkas
  2 frilled lizards
  6 kobolds
  5 rats
51 creatures vanquished.

Vanquished Creatures (others)
  14 plants (D:3)
14 creatures vanquished.

Grand Total: 65 creatures vanquished

Notes
Turn   | Place    | Note
-------+----------+-------------------------------------------
     0 | D:1      | freelancePsychic the Hill Orc Fighter began the quest for
                  | the Orb.
     0 | D:1      | Reached XP level 1. HP: 19/19 MP: 1/1
    56 | D:1      | Reached skill level 3 in Axes
   208 | D:1      | Reached XP level 2. HP: 27/27 MP: 2/2
   524 | D:1      | Reached skill level 4 in Axes
   528 | D:1      | Reached XP level 3. HP: 28/33 MP: 3/3
   657 | D:1      | Found Ivaphuoss's Book Boutique.
  1089 | D:2      | Noticed Terence
  1284 | D:3      | Reached XP level 4. HP: 41/41 MP: 4/4
  1395 | D:3      | Reached skill level 5 in Axes
  1637 | D:3      | Noticed Grinder
  1637 | D:3      | Paralysed by Grinder for 3 turns
  1650 | D:3      | Paralysed by Grinder for 2 turns
  1653 | D:3      | Paralysed by Grinder for 3 turns
  1660 | D:3      | HP: 1/41 [Grinder (4)]
  1660 | D:3      | Constricted to death by Grinder

Illustrated notes

Levels and vault maps discovered:
D:1:      lemuel_arrival_rhombus, layout_basic, serial_shops,
          nicolae_shop_hallway_stairs
D:2:      layout_basic, shapermc_ecumenical_altar_acropolis, uniq_robin,
          uniq_terence
D:3:      layout_loops_ring, nicolae_overflow_two_pavilions,
          serial_bayou_lagoon_a, minmay_fountain_box, minivault_11,
          guppyfry_early_lair_pool, uniq_grinder

Skill      XL: |  1  2  3  4 |
---------------+-------------+-----
Axes           | 3 4 5 |  5.4
Fighting       | 4 |  4.7
Armour         | |  3.2
Shields        | |  3.2

Action                   |  1- 3 |  4- 6 || total
-------------------------+-------+-------++-------
Melee: War axe           |    11 |       ||    11
       Flail             |    78 |    27 ||   105
  Use: Scroll            |     2 |     4 ||     6
       Potion            |       |     1 ||     1
Armor: Scale mail        |    47 |    10 ||    57
Dodge: Dodged            |    35 |    10 ||    45
Block: Buckler           |    32 |     4 ||    36
